 Dungeon Crawl Stone Soup version 0.18-a0-1764-gf4ddf0b (webtiles) character file.

7743 Ijustatesigmund the Fighter (level 11, 0/180 HPs)
             Began as an Ogre Hunter on Apr 13, 2016.
             Was an Elder of Okawaru.
             Shot with an arrow by a centaur (7 damage)
             ... on level 11 of the Dungeon.
             The game lasted 00:42:06 (10959 turns).

Ijustatesigmund the Fighter (Ogre Hunter)          Turns: 10959, Time: 00:42:07

Health: 0/180      AC:  7    Str: 24    XL:     11   Next: 20%
Magic:  23/23      EV: 10    Int: 10    God:    Okawaru [****..]
Gold:   659        SH:  0    Dex: 13    Spells: 4 memorised, 0 levels left

rFire  + . .     SeeInvis .     D - +1 giant spiked club
rCold  . . .     Gourm    .     b - +1 robe
rNeg   . . .     Faith    .     (shield currently unavailable)
rPois  .         Spirit   .     (helmet restricted)
rElec  .         Dismiss  .     B - +2 cloak
rCorr  .         Reflect  .     (gloves unavailable)
SustAt .         Harm     .     (boots unavailable)
MR     +....                    y - amulet of rage
Stlth  ..........               G - ring of magical power
                                l - ring of protection from fire

@: berserking, very quick, somewhat resistant to hostile enchantments, extremely
unstealthy
A: unfitting armour, tough skin 1
a: Heroism, Renounce Religion, Evoke Berserk Rage


You were on level 11 of the Dungeon.
You worshipped Okawaru.
Okawaru was greatly pleased with you.
You were not hungry.

You visited 2 branches of the dungeon, and saw 12 of its levels.
You also visited: Sewer.

You collected 659 gold pieces.

Inventory:

Hand Weapons
 D - a +1 giant spiked club (weapon)
Missiles
 m - 9 tomahawks
 w - 2 large rocks (quivered)
Armour
 b - a +1 robe (worn)
 B - a +2 cloak (worn)
Jewellery
 h - an uncursed amulet of harm
 l - a ring of protection from fire (left hand)
 v - an uncursed ring of protection from cold
 y - an amulet of rage (around neck)
 G - a ring of magical power (right hand)
Wands
 p - a wand of polymorph (16/24)
 A - a wand of digging (10/24)
 H - a wand of slowing (13/48)
 K - a wand of polymorph (13/24)
 M - a wand of heal wounds (4/9)
Scrolls
 j - 2 scrolls of remove curse
 o - a scroll of magic mapping
 t - a scroll of amnesia
 E - a scroll of fear
 J - 2 scrolls of immolation
Potions
 a - a potion of invisibility
 c - 4 potions of flight
 e - 4 potions of brilliance
 g - 3 potions of curing
 k - a potion of magic
 q - 2 potions of haste
 r - 2 potions of agility
 s - a potion of cure mutation
 x - 2 potions of heal wounds
 F - a potion of ambrosia
 I - a potion of lignification
Books
 d - a Grand Grimoire

   Spells                             Type                      Level
   a - Monstrous Menagerie            Summoning                    7
   b - Summon Greater Demon           Summoning                    7
   c - Malign Gateway                 Summoning/Translocation      7
   d - Summon Horrible Things         Summoning                    8
 n - a Fen Folio

   Spells                             Type                      Level
   a - Corpse Rot                     Necromancy                   2
   b - Stone Arrow                    Conjuration/Earth            3
   c - Leda's Liquefaction            Hexes/Earth                  4
   d - Summon Forest                  Summoning/Translocation      5
   e - Hydra Form                     Transmutation                6
   f - Summon Hydra                   Summoning                    7
 u - a book of Spatial Translocations

   Spells                             Type                      Level
   a - Apportation                    Translocation                1
   b - Blink                          Translocation                2
   c - Shroud of Golubria             Charms/Translocation         2
   d - Portal Projectile              Translocation                3
   e - Teleport Other                 Translocation                3
   f - Passage of Golubria            Translocation                4
 C - a book of the Warp

   Spells                             Type                      Level
   a - Recall                         Summoning/Translocation      3
   b - Gell's Gravitas                Hexes/Translocation          3
   c - Force Lance                    Conjuration/Translocation    4
   d - Warp Weapon                    Charms/Translocation         5
   e - Summon Forest                  Summoning/Translocation      5
Miscellaneous
 z - a plain deck of summoning {the Illusion}
Comestibles
 f - 7 bread rations
 i - 4 meat rations


   Skills:
 - Level 11.0 Fighting
 - Level 10.1 Maces & Flails
 - Level 5.6 Throwing
 - Level 1.7 Dodging
 - Level 0.7 Stealth
 - Level 8.0 Translocations
 + Level 4.3 Invocations
 + Level 3.2 Evocations


You couldn't memorise any spells.
You knew the following spells:

 Your Spells              Type           Power        Failure   Level  Hunger
a - Blink                 Tloc           N/A          1%          2    ###....
b - Apportation           Tloc           ###.......   1%          1    ##.....
c - Portal Projectile     Tloc           ###...       4%          3    ####...
d - Passage of Golubria   Tloc           N/A          14%         4    #####..


Dungeon Overview and Level Annotations

Branches:
Dungeon (11/15)            Temple (1/1) D:6            Lair (0/8) D:8
    Orc: D:9-12

Altars:
Ashenzari
Cheibriados
Elyvilon
Fedhas
Gozag
Kikubaaqudgha
Makhleb
Nemelex Xobeh
Okawaru
Pakellas
Qazlal
Ru
Sif Muna
Trog
Vehumet
Xom
Yredelemnul
Zin
The Shining One

Shops:
D:6 :   D:8 *

Annotations:
D:5 namelastname112's ghost, novice DrBe


Innate Abilities, Weirdness & Mutations

You are too large for most types of armour.
You have tough skin (AC +1).


Message History

The wolf spider zombie hits you.
* * * LOW HITPOINT WARNING * * *
The wolf spider zombie barely misses you.
The centaur shoots an arrow.
The arrow barely misses you. The wolf spider zombie hits you!
* * * LOW HITPOINT WARNING * * *
The wolf spider zombie bites you.
* * * LOW HITPOINT WARNING * * *
You hit the wolf spider zombie.
The centaur shoots an arrow.
The arrow closely misses you. The wolf spider zombie hits you!
* * * LOW HITPOINT WARNING * * *
The wolf spider zombie bites you.
* * * LOW HITPOINT WARNING * * *
You barely miss the wolf spider zombie.
The centaur shoots an arrow.
The arrow completely misses you. The wolf spider zombie misses you.
The wolf spider zombie bites you but does no damage.
A water moccasin comes into view.
A gargoyle comes into view. It is wielding a flail.
The centaur shoots an arrow.
The arrow hits you!
You die...

###########
#...(.....#
#....(....#
#.........#
#.<.....<.#
#.........#
#......(..#
..>...Z@..#
#......O..#
#........c#
#........S..
.####.###.#.9
#. ...... #.
...##. #.
.###


You could see a water moccasin, a gargoyle, an ogre, a centaur and a wolf spider
zombie.

Vanquished Creatures
  The ghost of skk the Blocker, a novice DsFi of Okawaru (D:8)
  2 hill giants
  Pikel (D:7)
  A gargoyle (D:10)
  A two-headed ogre (D:8)
  Grinder (D:6)
  Sigmund (D:3)
  A spriggan (D:7)
  5 yaks (D:9)
  2 hippogriffs
  Duvessa (D:6)
  3 ice beasts
  6 sky beasts
  2 black bears
  2 orc warriors (D:9)
  2 phantoms
  A necrophage (D:7)
  4 ogres
  2 centaurs
  3 big kobolds (Sewer)
  2 giant frogs
  Blork the orc (D:4)
  A wyvern skeleton (D:9)
  3 scorpions
  Dowan (D:6)
  A water moccasin skeleton (D:10)
  5 killer bees (D:8)
  3 howler monkeys
  A crimson imp (D:7)
  2 quasits
  A centaur zombie (D:5)
  A jelly (D:6)
  2 orc priests
  A hound (D:6)
  An orc wizard (D:9)
  A giant frog zombie (D:8)
  3 iguanas
  3 worker ants
  2 sheep (D:9)
  3 hound skeletons
  10 adders
  A shadow imp (D:6)
  6 oozes
  6 dart slugs
  8 giant geckos
  13 orcs
  4 ball pythons
  13 bats
  7 giant cockroaches
  10 goblins
  5 hobgoblins
  12 jackals
  4 quokkas
  A giant gecko skeleton (D:6)
  13 giant newts
  16 kobolds
  39 rats
248 creatures vanquished.

Vanquished Creatures (others)
  A slave (D:8)
  A quasit (D:8)
  A worker ant (D:8)
  An orc (D:8)
  4 toadstools (D:1)
8 creatures vanquished.

Grand Total: 256 creatures vanquished

Notes
Turn   | Place    | Note
--------------------------------------------------------------
     0 | D:1      | Ijustatesigmund the Ogre Hunter began the quest for the Orb.
     0 | D:1      | Reached XP level 1. HP: 22/22 MP: 1/1
    30 | D:1      | Reached skill level 3 in Fighting
   173 | D:1      | Reached XP level 2. HP: 21/31 MP: 2/2
   363 | D:1      | Reached skill level 4 in Fighting
   675 | D:1      | Reached XP level 3. HP: 25/40 MP: 3/3
   779 | D:1      | Reached skill level 5 in Fighting
  1443 | D:2      | Reached skill level 1 in Maces & Flails
  1443 | D:2      | Reached XP level 4. HP: 50/50 MP: 4/4
  2769 | D:3      | Noticed Sigmund
  2816 | D:4      | Reached skill level 6 in Fighting
  2816 | D:4      | Reached XP level 5. HP: 34/59 MP: 5/5
  2981 | D:4      | Learned a level 2 spell: Blink
  2983 | D:4      | Learned a level 1 spell: Apportation
  3019 | D:4      | Noticed Blork the orc
  3023 | D:4      | Killed Blork the orc
  3023 | D:4      | Reached XP level 6. HP: 63/68 MP: 6/6
  3035 | D:4      | Reached skill level 7 in Fighting
  3351 | D:5      | Entered Level 5 of the Dungeon
  3380 | D:5      | Noticed an ice beast
  3381 | D:5      | Killed an ice beast
  3381 | D:5      | Reached skill level 5 in Maces & Flails
  3401 | D:5      | Found a glowing drain.
  3438 | Sewer    | Entered a sewer
  3475 | Sewer    | Reached XP level 7. HP: 62/79 MP: 7/7
  3710 | Sewer    | Reached skill level 8 in Fighting
  3937 | D:5      | Noticed namelastname112's ghost (novice DrBe)
  4142 | D:6      | Noticed Grinder
  4144 | D:6      | Killed Grinder
  4144 | D:6      | Reached skill level 9 in Fighting
  4144 | D:6      | Reached XP level 8. HP: 92/92 MP: 8/8
  4156 | D:5      | Found a shattered altar of Ashenzari.
  4493 | D:3      | Found a sparkling altar of Nemelex Xobeh.
  4724 | D:3      | Killed Sigmund
  4870 | D:6      | Reached skill level 10 in Fighting
  5045 | D:6      | Noticed Duvessa
  5047 | D:6      | Noticed Dowan
  5048 | D:6      | Killed Dowan
  5053 | D:6      | Killed Duvessa
  5389 | D:6      | Reached skill level 5 in Throwing
  5389 | D:6      | Reached XP level 9. HP: 48/102 MP: 9/9
  5773 | D:6      | Found Omuapo Dibef's Book Shop.
  5845 | D:6      | Found a staircase to the Ecumenical Temple.
  5848 | D:6      | Reached skill level 1 in Translocations
  6033 | Temple   | Entered the Ecumenical Temple
  6041 | Temple   | Became a worshipper of Warmaster Okawaru
  6369 | D:7      | Found a snail-covered altar of Cheibriados.
  6604 | D:7      | Found a white marble altar of Elyvilon.
  6604 | D:7      | Found a radiant altar of Vehumet.
  6704 | D:7      | Reached * piety under Okawaru
  6715 | D:7      | Found a sacrificial altar of Ru.
  6810 | D:7      | Found an opulent altar of Gozag.
  7081 | D:8      | Noticed Pikel
  7086 | D:7      | Killed Pikel
  7086 | D:7      | Reached skill level 5 in Translocations
  7088 | D:8      | Noticed skk's ghost (novice DsFi)
  7097 | D:8      | Killed skk's ghost
  7097 | D:8      | Reached ** piety under Okawaru
  7097 | D:8      | Reached XP level 10. HP: 36/110 MP: 10/10
  7144 | D:8      | Found an opulent altar of Gozag.
  7144 | D:8      | Found Gozag's Platinum Reserve.
  8342 | D:8      | Found a shimmering altar of Xom.
  8361 | D:8      | Found a staircase to the Lair.
  8383 | D:9      | Noticed a hill giant
  8390 | D:9      | Killed a hill giant
  8390 | D:9      | Reached *** piety under Okawaru
  8476 | D:9      | Learned a level 3 spell: Portal Projectile
  8550 | D:9      | Reached skill level 10 in Maces & Flails
  8551 | D:9      | Reached skill level 11 in Fighting
  9159 | D:9      | Found a bloodstained altar of Trog.
  9175 | D:9      | Reached skill level 1 in Invocations
  9504 | D:9      | Reached skill level 1 in Evocations
 10081 | D:10     | Entered Level 10 of the Dungeon
 10119 | D:10     | Reached **** piety under Okawaru
 10119 | D:10     | Reached XP level 11. HP: 109/120 MP: 12/12
 10182 | D:10     | Learned a level 4 spell: Passage of Golubria
 10454 | D:10     | Noticed a hill giant
 10465 | D:10     | Killed a hill giant
 10957 | D:11     | HP: 7/180 [wolf spider zombie (6)]
 10959 | D:11     | Shot with an arrow by a centaur

Vault maps used:
D:1:      ldierk_walled_garden_2
D:3:      nemelex_deck, minmay_rats_cheesy_pizza, uniq_sigmund
D:4:      uniq_blork_the_orc
D:5:      lemuel_round_altar, first_bread, portal_sewer_entry_a,
          cheibrodos_ashenzari_chains
D:6:      minmay_temple_entry_enclosed_plants, serial_shops, shop, uniq_grinder,
          uniq_duvessa
D:7:      minitemple, nicolae_overflow_hidden_temple,
          gammafunk_temple_overflow_statue, the_bakery, corexii_checkpoint_a,
          hex_large, minmay_misc_feat_diagonals
D:8:      lair_0_dummy, basic_altar, nicolae_gozag_zags_fifth_avenue, uniq_pikel
D:9:      minmay_misc_feat_more_columns, st_stairs_5, trog_butcher_becter
Temple:   circular_temple_12
Sewer:    kennysheep_pipe_town

Skill      XL: |  1  2  3  4  5  6  7  8  9 10 11 |
---------------+----------------------------------+-----
Fighting       | 3 4 5 6 7 9 10 11 | 11.0
Maces & Flails | 1 2 4 5 7 9 10 | 10.1
Throwing       | 5 |  5.6
Translocations | 6 8 |  8.0
Invocations    | 2 4 |  4.3
Evocations     | 1 3 |  3.2
Dodging        | |  1.7
Stealth        | |  0.7

Action                   |  1- 3 |  4- 6 |  7- 9 | 10-12 || total
-------------------------+-------+-------+-------+-------++-------
Melee: Short sword       |   108 |       |       |       ||   108
       Whip              |    35 |   240 |   256 |       ||   531
       Giant spiked club |       |       |    44 |   182 ||   226
Throw: Large rock        |    11 |    16 |    38 |    19 ||    84
       Throwing net      |     2 |       |     3 |     1 ||     6
       Tomahawk          |     1 |       |       |       ||     1
 Cast: Portal Projectile |       |       |       |     5 ||     5
       Blink             |       |       |       |     2 ||     2
Invok: Heroism           |       |       |       |     4 ||     4
 Abil: Evoke Berserk Rag |       |       |       |     2 ||     2
  Use: Scroll            |     5 |     4 |    10 |     7 ||    26
       Potion            |       |     4 |     2 |    11 ||    17
 Stab: Sleeping          |       |     2 |     2 |     1 ||     5
       Held in net/web   |       |       |     1 |       ||     1
       Distracted        |       |       |     1 |       ||     1
       Invisible         |       |       |       |     2 ||     2
  Eat: Chunk             |     2 |     5 |     4 |     8 ||    19
       Bread ration      |       |     1 |       |     1 ||     2
       Pizza             |       |       |     2 |     1 ||     3
       Beef jerky        |       |       |     1 |       ||     1
       Fruit             |       |       |       |     3 ||     3
Armor: Robe              |   101 |   128 |   106 |    97 ||   432
Dodge: Dodged            |   148 |   175 |   149 |   165 ||   637
